 Dungeon Sprint DCSS version 0.19.0-24-gb05acd6 (webtiles) character file.

3114 equalderp2856 the Unseen (level 9, -11/36 HPs)
             Began as a Felid Fighter on Nov 21, 2016.
             Mangled by a meliai
             ... wielding a +3 hand axe
              (13 damage)
             ... in the Dungeon (Sprint I: "Red Sonja").
             The game lasted 00:51:45 (7986 turns).

equalderp2856 the Unseen (Felid Fighter)            Turns: 7986, Time: 00:51:45

Health: -11/36     AC:  2    Str: 14 (18) XL:     9   Next: 60%
Magic:  0/15       EV: 24    Int:  4 (9)  God:
Gold:   1138       SH:  0    Dex:  8 (13) Spells: 11 memorised, 0 levels left
                                        Lives:  0   Deaths: 3

rFire  . . .     SeeInvis +       - Unarmed
rCold  . . .     Gourm    .     (armour unavailable)
rNeg   . . .     Faith    .     (shield unavailable)
rPois  .         Spirit   +     (helmet unavailable)
rElec  .         Reflect  .     (cloak unavailable)
rCorr  .         Harm     .     (gloves unavailable)
MR     +....     NoTele   +     (boots unavailable)
Stlth  +++++++++.               p - amulet of guardian spirit
                                u - +2 ring of strength
                                t - ring of stealth

@: mighty, quick
A: no armour, no weapons or thrown items, stealth, claws 1, fangs 3, see
invisible, carnivore 3, clumsy 2, deterioration 2, dopey 1, speed 1, frail 2,
low mp 1, shaggy fur 2, slow regeneration 1, slow metabolism 1, weak 1, sharp
paws
a: no special abilities


You were in the Dungeon.
You were hungry.

You visited 1 branch You collected 3216 gold pieces.
You spent 2078 gold pieces at shops.

Inventory:

Missiles
 q - 26 arrows
Jewellery
 p - an amulet of guardian spirit (around neck)
 t - a ring of stealth (left paw)
 u - a +2 ring of strength (right paw)
Wands
 i - a wand of random effects (9/48)
 k - a wand of acid (0/15)
 l - a wand of random effects (0/48)
 x - a wand of disintegration (20/24)
Scrolls
 d - 2 scrolls of enchant armour {unknown}
 h - 2 scrolls of blinking
 r - a scroll of remove curse
 v - a scroll of identify
Potions
 e - 2 potions of haste
 f - 2 potions of magic
 j - a potion of lignification {unknown}
 w - a potion of agility {unknown}
Books
 m - a book of Misfortune

   Spells                             Type                      Level
   a - Confusing Touch                Hexes                        1
   b - Confuse                        Hexes                        3
   c - Gell's Gravitas                Hexes/Translocation          3
   d - Petrify                        Transmutation/Earth          4
   e - Metabolic Englaciation         Hexes/Ice                    5
   f - Yara's Violent Unravelling     Hexes/Transmutation          5
 n - a book of Air

   Spells                             Type                      Level
   a - Shock                          Conjuration/Air              1
   b - Swiftness                      Charms/Air                   2
   c - Repel Missiles                 Charms/Air                   2
   d - Static Discharge               Conjuration/Air              3
   e - Lightning Bolt                 Conjuration/Air              5
 o - a book of Cantrips

   Spells                             Type                      Level
   a - Confusing Touch                Hexes                        1
   b - Animate Skeleton               Necromancy                   1
   c - Summon Small Mammal            Summoning                    1
   d - Apportation                    Translocation                1
 s - a book of Minor Magic

   Spells                             Type                      Level
   a - Magic Dart                     Conjuration                  1
   b - Blink                          Translocation                2
   c - Call Imp                       Summoning                    2
   d - Repel Missiles                 Charms/Air                   2
   e - Slow                           Hexes                        2
   f - Conjure Flame                  Conjuration/Fire             3
   g - Mephitic Cloud                 Conjuration/Poison/Air       3
Comestibles
 b - a meat ration
 c - a beef jerky
 g - a slice of pizza


   Skills:
 + Level 8.3 Fighting
 + Level 15.1 Dodging
 * Level 20.4 Stealth
 + Level 19.9 Unarmed Combat
 + Level 4.9 Spellcasting
 + Level 6.2 Hexes
 + Level 1.2 Charms
 + Level 2.0 Necromancy


You couldn't memorise any spells.
You knew the following spells:

 Your Spells              Type           Power        Failure   Level  Hunger
a - Confusing Touch       Hex            #.....       3%          1    ##.....
b - Repel Missiles        Chrm/Air       #.....       47%         2    ###....
c - Animate Skeleton      Necr           N/A          17%         1    ##.....
d - Summon Small Mammal   Summ           #...         38%         1    ##.....
e - Apportation           Tloc           #.........   38%         1    ##.....
f - Blink                 Tloc           N/A          61%         2    ###....
g - Conjure Flame         Conj/Fire      #.......     92%         3    ####...
h - Slow                  Hex            #.......     6%          2    ###....
i - Call Imp              Summ           #.......     61%         2    ###....
j - Swiftness             Chrm/Air       #.......     47%         2    ###....
k - Magic Dart            Conj           #...         38%         1    ##.....


Dungeon Overview and Level Annotations

Branches:
Dungeon (1/1)

Altars:
Cheibriados
Dithmenos
Elyvilon
Fedhas
Gozag
Hepliaklqana
Kikubaaqudgha
Makhleb
Nemelex Xobeh
Okawaru
Qazlal
Ru
Sif Muna
Trog
Uskayaw
Vehumet
Xom
Yredelemnul
Zin
The Shining One
Jiyva
Lugonu

Shops:
D }:=*!%?}**?(=*(!!**[!


Innate Abilities, Weirdness & Mutations

You cannot wear armour.
You are incapable of wielding weapons or throwing items.
Your paws allow you to move quietly. (Stealth)
You have sharp claws.
You have razor-sharp teeth.
You have supernaturally acute eyesight. (SInv)
You are carnivorous and can eat meat at any time.
You cover ground quickly.
You are covered in thick fur. (AC +2)
You have a slow metabolism.
Your sharp claws are effective at attacking unaware monsters.
You are very clumsy. (Dex -4)
Your body often deteriorates upon taking damage.
You are dopey. (Int -2)
You are very frail. (-20% HP)
Your magical capacity is low. (-10% MP)
You regenerate slowly when monsters are visible.
You are weak. (Str -2)


Message History

There is an open door here.
Evoke which item? (* to show all) (? for menu, Esc to quit)
All monsters which could be auto-targeted are covered by a wall or statue which interrupts your line of fire, even though it doesn't interrupt your line of sight.
Zapping:
x - a wand of disintegration (21/24)
Press: ? - help, Shift-Dir - straight line The grate screeches as it bends and collapses.
This wand has 20 charges left.
You mangle the meliai!!
The meliai is severely wounded.
The meliai closely misses you. The meliai barely misses you.
You closely miss the meliai. You bite the meliai, but do no damage.
The meliai is severely wounded.
The meliai mumbles some strange prayers to its god against you.
Something smites you!
* * * LOW HITPOINT WARNING * * *
The meliai closely misses you. The meliai stings you.
* * * LOW HITPOINT WARNING * * *
You feel very mighty all of a sudden.
The meliai hits you with an enchanted hand axe!
You die...

#################################
__#..')..#..#§§..'§.§.§.§..#^^+§.
..'..#)..##'#§####.§.§§##..'^^#§§
__####...'§.#§#.###§§§#######+#,§
###§§#####..'§#'#.###+#,,!##,,*,,
≈§≈§.#..##'####^..#.#.##$$$#,,**,
§§≈§.'..#§.^..#.@y.##§§###$#,,≈**
§§§§§#.§#..§^§'.....##.#A#$#,,≈,,
#'#####'###.§§#^....#..###$#,,≈,*
[..)###.'.#§§.###''##.##..$#,,≈**
#'###(###.#§^###..###.,*+###,,≈*,
....'%∩##.#..####..###,,,*,≈,,**,
#########§##'#..#§.#.###,*,≈,,*,,
.......##§##.#...§§.§..#,***,,*,,
......§§'.####.........#,*,',,**,


You could see a meliai.

Vanquished Creatures
  A lorocyproca (D)
  A hydra (D)
  2 centaur warriors (D)
  Sonja (D)
  A deep troll (D)
  2 unseen horrors (D)
  A lindwurm (D)
  An oklob plant (D)
  8 shining eyes (D)
  A gargoyle (D)
  4 demonic crawlers (D)
  2 kobold demonologists (D)
  A hornet (D)
  A slime creature (D)
  Sigmund (D)
  2 redbacks (D)
  A yak (D)
  13 hogs (D)
  7 floating eyes (D)
  7 necrophages (D)
  An ogre (D)
  8 jellies (D)
  Ijyb (D)
  A ballistomycete (D)
69 creatures vanquished.

Vanquished Creatures (others)
  A gargoyle (D)
  2 hornets (D)
  2 ballistomycete spores (D)
5 creatures vanquished.

Grand Total: 74 creatures vanquished

Notes
Turn   | Place    | Note
-------+----------+-------------------------------------------
     0 | D        | equalderp2856 the Felid Fighter began the quest for the Orb.
     0 | D        | Reached XP level 1. HP: 10/10 MP: 2/2
     2 | D        | Noticed Ijyb
    15 | D        | Killed Ijyb
    15 | D        | Reached skill level 5 in Dodging
    15 | D        | Reached skill level 3 in Stealth
    15 | D        | Reached skill level 5 in Unarmed Combat
    15 | D        | Reached XP level 2. HP: 1/14 MP: 3/3
   348 | D        | Killed a hornet
   404 | D        | Noticed an ogre
   407 | D        | Killed an ogre
   407 | D        | Reached skill level 5 in Stealth
   407 | D        | Reached XP level 3. HP: 18/18 MP: 4/4
   407 | D        | Reached XP level 4. HP: 22/22 MP: 5/5
   419 | D        | Noticed Sigmund
   431 | D        | Killed Sigmund
   431 | D        | Reached skill level 5 in Fighting
   431 | D        | Reached skill level 7 in Stealth
   431 | D        | Reached XP level 5. HP: 15/26 MP: 6/6
   561 | D        | Found a burning altar of Makhleb.
   561 | D        | Found a viscous altar of Jiyva.
   561 | D        | Found a shimmering altar of Xom.
   561 | D        | Found a corrupted altar of Lugonu.
   561 | D        | Noticed a slime creature
   564 | D        | Killed a slime creature
   564 | D        | Reached skill level 9 in Stealth
   564 | D        | Reached skill level 10 in Unarmed Combat
   564 | D        | Gained mutation: You are covered in thick fur. (AC +2) [Felid growth]
   564 | D        | Reached XP level 6. HP: 31/31 MP: 7/7
   567 | D        | Found a deep blue altar of Sif Muna.
   569 | D        | Found a radiant altar of Vehumet.
   603 | D        | Found Dipt's General Store.
   603 | D        | Found an ancient bone altar of Kikubaaqudgha.
   603 | D        | Found a hazy altar of Hepliaklqana.
   603 | D        | Found a stormy altar of Qazlal.
   603 | D        | Found a hide-covered altar of Uskayaw.
   603 | D        | Found a blossoming altar of Fedhas.
   603 | D        | Found a bloodstained altar of Trog.
   603 | D        | Found an iron altar of Okawaru.
   603 | D        | Found a basalt altar of Yredelemnul.
   603 | D        | Found a glowing golden altar of the Shining One.
   603 | D        | Found a snail-covered altar of Cheibriados.
   603 | D        | Found a sacrificial altar of Ru.
   603 | D        | Found a glowing silver altar of Zin.
   603 | D        | Found a shadowy altar of Dithmenos.
   603 | D        | Found a white marble altar of Elyvilon.
   603 | D        | Noticed a yak
   614 | D        | Killed a yak
   614 | D        | Reached XP level 7. HP: 14/34 MP: 8/8
   615 | D        | Found an opulent altar of Gozag.
   623 | D        | Found a sparkling altar of Nemelex Xobeh.
   817 | D        | Noticed a kobold demonologist
   818 | D        | Noticed a kobold demonologist
   821 | D        | Reached skill level 10 in Dodging
   821 | D        | Reached skill level 10 in Stealth
   826 | D        | Noticed a sun demon
   828 | D        | Killed a kobold demonologist
   833 | D        | Killed a kobold demonologist
   833 | D        | Reached skill level 11 in Stealth
   833 | D        | Reached XP level 8. HP: 35/39 MP: 9/9
   896 | D        | Noticed a centaur warrior
   908 | D        | Noticed a deep troll
   910 | D        | Killed a deep troll
   922 | D        | Noticed Sonja
   925 | D        | Killed Sonja
   925 | D        | Reached skill level 12 in Stealth
   925 | D        | Reached skill level 15 in Unarmed Combat
   925 | D        | Reached XP level 9. HP: 43/43 MP: 10/10
   946 | D        | Found Geskuj's Armour Emporium.
   964 | D        | Found Inurony's Gadget Boutique.
  1026 | D        | Bought a wand of random effects (6/48) for 52 gold pieces
  1354 | D        | Noticed a shining eye
  1354 | D        | Noticed a shining eye
  1354 | D        | Noticed a shining eye
  1354 | D        | Noticed a shining eye
  1354 | D        | Noticed a shining eye
  1354 | D        | Noticed a shining eye
  1363 | D        | Gained mutation: Your body sometimes deteriorates upon taking damage. [a shining eye]
  1374 | D        | Gained mutation: You regenerate slowly when monsters are visible. [a shining eye]
  1375 | D        | Gained mutation: You are weak. (Str -2) [a shining eye]
  1382 | D        | Gained mutation: You are clumsy. (Dex -2) [a shining eye]
  1384 | D        | Gained mutation: You are frail. (-10% HP) [a shining eye]
  1386 | D        | Gained mutation: Your body often deteriorates upon taking damage. [a shining eye]
  1388 | D        | Killed a shining eye
  1388 | D        | Reached skill level 13 in Stealth
  1399 | D        | Killed a shining eye
  1399 | D        | Gained mutation: Your magical capacity is low. (-10% MP) [a shining eye]
  1405 | D        | Gained mutation: You are very frail. (-20% HP) [a shining eye]
  1407 | D        | Lost mutation: You are weak. (Str -2) [a shining eye]
  1410 | D        | Killed a shining eye
  1415 | D        | Killed a shining eye
  1415 | D        | Reached skill level 14 in Stealth
  1415 | D        | Reached XP level 10. HP: 37/37 MP: 10/10
  1416 | D        | Gained mutation: You are dopey. (Int -2) [a shining eye]
  1433 | D        | Gained mutation: You are very clumsy. (Dex -4) [a shining eye]
  1437 | D        | Killed a shining eye
  1456 | D        | Noticed a shining eye
  1456 | D        | Noticed a shining eye
  1459 | D        | Killed a shining eye
  1459 | D        | Gained mutation: You are weak. (Str -2) [a shining eye]
  1465 | D        | Reached skill level 15 in Stealth
  1471 | D        | Killed a shining eye
  1477 | D        | Killed a shining eye
  1480 | D        | Found Denwag's Distillery.
  1480 | D        | Found Sebbiex's Jewellery Emporium.
  1480 | D        | Found Puugge Xazi's Food Boutique.
  1481 | D        | Found Efuybuuj's Book Shoppe.
  1541 | D        | Bought a book of Air for 420 gold pieces
  1541 | D        | Bought a book of Cantrips for 240 gold pieces
  1551 | D        | Learned a level 1 spell: Confusing Touch
  1554 | D        | Learned a level 2 spell: Repel Missiles
  1556 | D        | Learned a level 1 spell: Animate Skeleton
  1558 | D        | Learned a level 1 spell: Summon Small Mammal
  1560 | D        | Learned a level 1 spell: Apportation
  1614 | D        | Noticed a centaur warrior
  1620 | D        | Shot with an arrow by a centaur warrior
  1621 | D        | Reached XP level 9. HP: -6/34 MP: 9/9
  1640 | D        | Killed a centaur warrior
  1640 | D        | Reached skill level 16 in Stealth
  1666 | D        | Killed a centaur warrior
  1666 | D        | Reached skill level 1 in Spellcasting
  1666 | D        | Reached skill level 1 in Hexes
  1666 | D        | Reached XP level 10. HP: 21/38 MP: 1/11
  1797 | D        | Noticed an oklob plant
  1799 | D        | Killed an oklob plant
  1799 | D        | Reached skill level 17 in Stealth
  1799 | D        | Reached skill level 1 in Charms
  2038 | D        | Noticed an unseen horror
  2041 | D        | Noticed an unseen horror
  2055 | D        | Killed an unseen horror
  2336 | D        | Killed an unseen horror
  2350 | D        | Paralysed by a floating eye for 3 turns
  2609 | D        | Reached skill level 18 in Stealth
  2667 | D        | Found Koakoyhe's Assorted Antiques.
  2667 | D        | Found Figak's Assorted Antiques.
  2669 | D        | Found Reatar's Distillery.
  2744 | D        | Found Wiaceh's Distillery.
  2744 | D        | Found Qaerant's Distillery.
  2744 | D        | Found Baiqypsirul's Antique Weapon Shop.
  2744 | D        | Found Horr's General Store.
  2744 | D        | Found Efot's Jewellery Boutique.
  2744 | D        | Found Zomm's Weapon Shoppe.
  2744 | D        | Found Hisau's Magic Scroll Shop.
  2746 | D        | Found Musen's Assorted Antiques.
  2747 | D        | Found Puqesiot's General Store.
  2747 | D        | Found Nuxaer's Gadget Shoppe.
  2748 | D        | Found Kupaoky's Magic Scroll Shop.
  2786 | D        | Bought a scroll of identify for 26 gold pieces
  2847 | D        | Killed a gargoyle
  3078 | D        | Reached skill level 1 in Necromancy
  3247 | D        | Reached XP level 11. HP: 17/40 MP: 12/16
  3631 | D        | Noticed a lindwurm
  3634 | D        | Killed a lindwurm
  3739 | D        | Bought an uncursed amulet of guardian spirit for 420 gold pieces
  3759 | D        | Bought a book of Minor Magic for 240 gold pieces
  3769 | D        | Learned a level 2 spell: Blink
  3773 | D        | Learned a level 3 spell: Conjure Flame
  3777 | D        | Learned a level 2 spell: Slow
  3803 | D        | Learned a level 2 spell: Call Imp
  3806 | D        | Learned a level 2 spell: Swiftness
  3968 | D        | Bought an uncursed ring of stealth for 210 gold pieces
  4087 | D        | Bought a +2 ring of strength for 90 gold pieces
  4119 | D        | Bought a scroll of magic mapping for 45 gold pieces
  4252 | D        | Reached skill level 19 in Stealth
  4725 | D        | Reached skill level 5 in Hexes
  4743 | D        | Reached skill level 15 in Dodging
  4958 | D        | Noticed a 12-headed hydra
  4960 | D        | Killed a 12-headed hydra
  5016 | D        | Noticed a daeva
  5182 | D        | Reached skill level 20 in Stealth
  5533 | D        | Noticed a lorocyproca
  5538 | D        | Killed a lorocyproca
  5556 | D        | Killed from afar by a meliai
  5557 | D        | Reached XP level 10. HP: -5/38 MP: 0/16
  5816 | D        | Learned a level 1 spell: Magic Dart
  6354 | D        | Engulfed by a cloud of freezing vapour
  6355 | D        | Reached XP level 9. HP: -2/36 MP: 0/15
  7741 | D        | Bought a scroll of blinking for 75 gold pieces
  7842 | D        | Bought a wand of disintegration (22/24) for 260 gold pieces
  7986 | D        | Mangled by a meliai

Skill      XL: |  1  2  3  4  5  6  7  8  9 10 11 |
---------------+----------------------------------+-----
Dodging        | 5 6 8 9 11 12 13 14 15 | 15.1
Stealth        | 3 5 7 9 11 12 16 18 20 | 20.4
Unarmed Combat | 5 7 9 10 11 13 15 18 19 | 19.9
Fighting       | 4 5 6 7 8 |  8.3
Spellcasting   | 1 3 4 |  4.9
Hexes          | 1 3 6 |  6.2
Charms         | 1 |  1.2
Necromancy     | 1 2 |  2.0

Action                   |  1- 3 |  4- 6 |  7- 9 | 10-12 || total
-------------------------+-------+-------+-------+-------++-------
Melee: Unarmed           |    12 |    26 |    62 |   174 ||   274
       Bite              |     2 |     3 |    12 |    12 ||    29
       Punch             |       |     2 |     5 |    22 ||    29
 Cast: Apportation       |       |       |    14 |       ||    14
       Confusing Touch   |       |       |     3 |    10 ||    13
       Animate Skeleton  |       |       |     1 |     6 ||     7
       Repel Missiles    |       |       |     1 |       ||     1
Evoke: Wand              |       |       |     2 |     9 ||    11
  Use: Potion            |       |       |     2 |     5 ||     7
       Scroll            |       |       |       |     2 ||     2
 Stab: Sleeping          |     1 |     1 |     2 |    14 ||    18
       Confused          |       |       |     2 |     5 ||     7
       Distracted        |       |       |       |     3 ||     3
  Eat: Chunk             |       |       |     5 |    12 ||    17
Armor: Skin              |       |     1 |     2 |     2 ||     5
Dodge: Dodged            |     6 |    14 |    25 |   131 ||   176
       Deflected         |       |       |       |     1 ||     1
